 Dungeon Crawl Stone Soup version 0.28-b1-1-g3c77fb2ed1 (webtiles) character file.

Game seed: 16143440084964416935

5712 iwittbrodt the Frost Mage (level 10, -9/66 (75) HPs)
             Began as a Merfolk Ice Elementalist on Jan 28, 2022.
             Was a Believer of Dithmenos.
             Mangled by a gnoll sergeant (16 damage)
             ... on level 8 of the Dungeon.
             The game lasted 01:28:18 (21423 turns).

iwittbrodt the Frost Mage (MfIE)                   Turns: 21423, Time: 01:28:19

HP:   -9/66 (75)    AC: 10    Str: 12    XL:     10   Next: 76%
MP:   19/19         EV: 13    Int: 15    God:    Dithmenos [**....]
Gold: 157           SH:  6    Dex: 24    Spells: 16/21 levels left

rFire   + + .      SeeInvis +   J - +2 short sword (flame)
rCold   . . .      Faith    .   z - +0 buckler
rNeg    . . .      Spirit   .   y - +2 scale mail {rF+}
rPois   .          Reflect  .   h - +0 helmet of Jimet {rElec Dex+3 SInv}
rElec   +          Harm     .   (no cloak)
rCorr   .          Rampage  .   (no gloves)
Will    .....                   b - +0 pair of boots
Stlth   +++.......              j - amulet of the acrobat
HPRegen 0.21/turn               i - ring of protection from fire
MPRegen 0.16/turn               w - +6 ring of dexterity

@: wreathed by umbra, heavily drained
A: (nimble swimmer 2), mertail
a: Renounce Religion, Shadow Step


You were on level 8 of the Dungeon.
You worshipped Dithmenos.
Dithmenos was pleased with you.
You visited 2 branches of the dungeon, and saw 9 of its levels.
You visited the Abyss 2 times.
You also visited: Ossuary and Bailey.

You collected 433 gold pieces.
You spent 276 gold pieces at shops.

Inventory:

Hand Weapons
 a - a +0 hunting sling
 J - a +2 short sword of flaming (weapon)
Missiles
 e - 156 stones
 f - 4 boomerangs
 g - 84 sling bullets
 v - 4 javelins
 B - 7 poisoned darts (quivered)
Armour
 b - a +0 pair of boots (worn)
 h - the +0 helmet of Jimet (worn) {rElec Dex+3 SInv}
   (You found it on level 7 of the Dungeon)

   Dex:       It affects your dexterity (+3).
   rElec:     It insulates you from electricity.
   SInv:      It lets you see invisible.
 y - a +2 scale mail of fire resistance (worn)
 z - a +0 buckler (worn)
Jewellery
 i - a ring of protection from fire (left hand)
 j - an amulet of the acrobat (around neck)
 s - an amulet of reflection
 w - a +6 ring of dexterity (right hand)
Wands
 m - a wand of mindburst (13)
 x - a wand of polymorph (6)
 C - a wand of acid (13)
Scrolls
 o - 6 scrolls of teleportation
 r - a scroll of noise {unknown}
 u - 2 scrolls of amnesia {unknown}
 D - 3 scrolls of magic mapping
 E - a scroll of brand weapon
 I - 3 scrolls of immolation {unknown}
Potions
 c - 3 potions of ambrosia
 d - 2 potions of curing
 k - 2 potions of flight
 l - 4 potions of haste
 n - a potion of heal wounds {unknown}
 p - a potion of attraction
 q - 2 potions of berserk rage
 t - 2 potions of brilliance
 A - 2 potions of invisibility
 F - a potion of magic
 G - a potion of cancellation
 H - a potion of mutation


   Skills:
 - Level 5.6 Fighting
 - Level 4.3 Short Blades
 + Level 7.2 Dodging
 - Level 5.5 Stealth
 + Level 3.7 Shields
 + Level 6.4 Spellcasting
 * Level 6.2 Conjurations
 + Level 8.5 Ice Magic


You had 16 spell levels left.
You knew the following spells:

 Your Spells              Type           Power      Damage    Failure   Level
a - Freeze                Ice            100%       1d11      3%          1
b - Hailstorm             Conj/Ice       26%        3d7       45%         4

Your spell library contained the following spells:

 Spells                   Type           Power      Damage    Failure   Level
 Magic Dart               Conj           92%        1d7       8%          1
 Frozen Ramparts          Ice            60%        1d8       10%         3
 Ozocubu's Armour         Ice            30%        N/A       10%         3
 Searing Ray              Conj           46%        2d6       12%         2
 Dazzling Flash           Conj/Hex       28%        N/A       65%         3
 Animate Skeleton         Necr           8%         N/A       71%         1
 Pain                     Necr           16%        1d4       71%         1
 Fulminant Prism          Conj/Hex       7%         3d7       96%         4
 Iskenderun's Mystic Bla  Conj/Tloc      14%        2d5       96%         4
 Vampiric Draining        Necr           4%         2d6       97%         3
 Starburst                Conj/Fire      7%         6d4       100%        6
 Ozocubu's Refrigeration  Ice            15%        4d8       100%        7


Dungeon Overview and Level Annotations

Branches:
Dungeon (8/15)             Temple (1/1) D:6            Lair (0/6) D:8
Ossuary (visited)          Bailey (visited)

Altars:
Ashenzari
Cheibriados
Dithmenos
Elyvilon
Fedhas
Gozag
Hepliaklqana
Kikubaaqudgha
Makhleb
Nemelex Xobeh
Okawaru
Qazlal
Ru
Sif Muna
Trog
Uskayaw
Vehumet
Wu Jian
Xom
Yredelemnul
Zin
The Shining One

Shops:
D:2 *   D:6 =   D:8 [:[?[


Innate Abilities, Weirdness & Mutations

((You are very nimble when in or above water. (Stealth+, EV+, Speed+++)))
Your lower body shifts to a powerful aquatic tail in water.


Message History

The poisoned dart hits the gnoll sergeant.
The gnoll sergeant is lightly wounded.
The gnoll sergeant completely misses you.
You hit the gnoll sergeant. You burn the gnoll sergeant.
The gnoll sergeant is moderately wounded.
The gnoll sergeant closely misses you.
You closely miss the gnoll sergeant.
The gnoll sergeant is moderately wounded.
The gnoll sergeant closely misses you.
The gnoll shouts!
You hit the gnoll sergeant. You burn the gnoll sergeant.
The gnoll sergeant is heavily wounded.
You block the gnoll sergeant's attack.
You hit the gnoll sergeant but do no damage.
The gnoll sergeant is heavily wounded.
The gnoll sergeant hits you with a +2 spear of distortion.
Space warps horribly around you!
You hit the gnoll sergeant. You burn the gnoll sergeant.
The gnoll sergeant is severely wounded.
The gnoll sergeant hits you with a +2 spear of distortion.
Space warps horribly around you!!
* * * LOW HITPOINT WARNING * * *
The gnoll sergeant blocks your attack.
The gnoll sergeant is severely wounded.
The gnoll sergeant barely misses you.
The gnoll sergeant hits you but does no damage.
Space warps around you.
* * * LOW HITPOINT WARNING * * *
The gnoll sergeant looks more healthy.
Throw: 8 darts (poison)
Press: ? - help, Q - select action, (/) - cycle Shift-Dir - straight line, f/p - gnoll sergeant
Aim: a gnoll sergeant, wielding a +2 spear of distortion, wearing a +0 ring mail and wearing a +0 buckler (almost dead, 72% to hit)
You throw a poisoned dart.
The poisoned dart hits the gnoll sergeant.
The gnoll sergeant is poisoned.
The gnoll sergeant is almost dead.
The gnoll sergeant hits you from afar with a +2 spear of distortion.
* * * LOW HITPOINT WARNING * * *
Space warps horribly around you!
You die...

#. ##..######........#
##..
#..##..##........####...
#..##..##........##.....
#.#
#..................####.
#.# ##...............###
#. #.# ####.#........###
## #.# #...##....## ####
#.# ###.###..## ####..#
#.### #@###.## ##......
###...### #.....#
#....... ##.......####
#g∩.### ##.......
....#####...####g..#
#........ ...##
####...#.#.# #........
..## ####..z.# #........
.## ##(.## ###...... ##
##)# ####... # ##.# ####


You could see a gnoll sergeant (poisoned), a wight and a gnoll.

Vanquished Creatures
  Joseph (D:7)
  Maggie (D:7)
  Eustachio (D:6)
  2 steam dragons (D:8)
  A water moccasin (D:7)
  4 ice beasts
  3 black bears
  7 orc warriors
  4 ogres
  A necrophage (D:5)
  A wolf (D:5)
  2 centaurs
  2 phantoms
  A kobold brigand (D:8)
  4 elf zombies (Ossuary)
  2 gnoll sergeants
  4 scorpions
  3 water moccasin skeletons
  4 killer bees (D:7)
  2 wights
  A howler monkey (D:4)
  A centaur zombie (Ossuary)
  A bullfrog zombie (D:7)
  A jelly (D:6)
  2 bullfrog skeletons
  A human zombie (Ossuary)
  4 orc priests
  7 hounds
  A gnoll shaman (D:5)
  4 iguanas
  5 orc wizards
  Ijyb (D:5)
  A killer bee zombie (D:7)
  2 mummies (Ossuary)
  A howler monkey skeleton (D:4)
  28 gnolls
  8 adders
  3 shadow imps (D:5)
  An ufetubus (Abyss:2)
  An adder zombie (Ossuary)
  2 worms
  A dart slug (D:2)
  39 orcs
  10 bats
  7 endoplasms
  A giant cockroach (D:4)
  10 goblins
  2 hobgoblins
  5 jackals (D:5)
  11 kobolds
  3 quokkas
  8 ball pythons
  3 frilled lizards
  3 goblin zombies (Ossuary)
  12 hobgoblin zombies (Ossuary)
  6 kobold zombies (Ossuary)
  8 orc zombies (Ossuary)
  4 rats
  A rat zombie (Ossuary)
260 creatures vanquished.

Vanquished Creatures (others)
  A hobgoblin (D:4)
  A kobold (D:4)
  A plant (D:6)
3 creatures vanquished.

Grand Total: 263 creatures vanquished

Notes
Turn   | Place    | Note
-------+----------+-------------------------------------------
     0 | D:1      | iwittbrodt the Merfolk Ice Elementalist began the quest for
                  | the Orb.
     0 | D:1      | Reached XP level 1. HP: 13/13 MP: 3/3
   323 | D:1      | Reached XP level 2. HP: 20/20 MP: 3/5
  1157 | D:2      | Reached skill level 1 in Fighting
  1157 | D:2      | Reached XP level 3. HP: 25/26 MP: 2/6
  1634 | D:2      | Found a glowing silver altar of Zin.
  1847 | D:2      | Reached skill level 5 in Ice Magic
  1937 | D:2      | Reached XP level 4. HP: 32/32 MP: 5/7
  2306 | D:2      | Reached skill level 1 in Short Blades
  2341 | D:2      | Found Yhaykhot's General Store.
  2349 | D:2      | Bought a potion of curing for 33 gold pieces
  2438 | D:2      | You fall into a shaft and drop 2 floors!
  2438 | D:4      | Noticed a scorpion
  2563 | D:4      | Reached XP level 5. HP: 28/38 MP: 0/8
  2767 | D:4      | Found a sand-covered staircase.
  2816 | Ossuary  | Entered an ossuary
  4036 | Ossuary  | Reached XP level 6. HP: 27/46 MP: 10/10
  4939 | Ossuary  | Reached XP level 7. HP: 45/52 MP: 10/12
  5342 | D:4      | HP: 2/52 [hobgoblin/puff of flame (2)]
  6074 | D:3      | Reached skill level 6 in Ice Magic
  7774 | D:4      | Reached skill level 5 in Stealth
  7774 | D:4      | Reached XP level 8. HP: 42/60 MP: 7/14
  8379 | D:4      | Learned a level 4 spell: Hailstorm
  8842 | D:5      | Entered Level 5 of the Dungeon
  9299 | D:5      | Noticed Ijyb
  9350 | D:4      | Reached skill level 1 in Conjurations
  9612 | D:5      | Killed Ijyb
 10172 | D:5      | Reached skill level 5 in Fighting
 10526 | D:5      | Reached XP level 9. HP: 36/68 MP: 16/16
 10855 | D:5      | Reached skill level 7 in Ice Magic
 11715 | D:5      | Reached skill level 5 in Spellcasting
 13098 | D:5      | Cast into level 1 of the Abyss (gnoll shaman)
 13098 | Abyss:1  | Found a corrupted altar of Lugonu.
 13158 | Abyss:1  | Found a corrupted altar of Lugonu.
 13255 | Abyss:4  | Noticed a hellion
 13265 | Abyss:4  | Noticed a guardian serpent
 13265 | Abyss:4  | Noticed a naga warrior
 13265 | Abyss:4  | Noticed a salamander
 13272 | D:5      | Escaped the Abyss
 14137 | D:6      | Noticed Eustachio
 14165 | D:6      | Killed Eustachio
 14166 | D:6      | Reached skill level 5 in Dodging
 14250 | D:6      | Found a staircase to the Ecumenical Temple.
 14262 | D:6      | Reached skill level 1 in Shields
 14272 | Temple   | Entered the Ecumenical Temple
 14366 | Temple   | Became a worshipper of Dithmenos the Shadowed
 14671 | D:6      | Found a blossoming altar of Fedhas.
 14723 | D:6      | Found a stormy altar of Qazlal.
 14727 | D:6      | Found an ancient bone altar of Kikubaaqudgha.
 15103 | D:6      | Found Jinihut's Jewellery Emporium.
 16021 | D:7      | Found a flagged portal.
 16057 | Bailey   | Entered a bailey
 16117 | Bailey   | Reached * piety under Dithmenos
 16118 | Bailey   | Reached XP level 10. HP: 49/75 MP: 8/18
 16327 | Bailey   | Reached skill level 5 in Conjurations
 16530 | Bailey   | Noticed an orc knight
 16530 | Bailey   | Noticed an orc knight
 16579 | D:7      | Noticed Maggie
 17001 | D:7      | Cast into level 1 of the Abyss (Maggie)
 17031 | Abyss:1  | Noticed a smoke demon
 17081 | Abyss:2  | Noticed a thrashing horror
 17081 | Abyss:2  | Noticed a thrashing horror
 17084 | Abyss:2  | Noticed a smoke demon
 17091 | Abyss:2  | Noticed an orange demon
 17093 | Abyss:2  | Noticed a profane servitor
 17098 | Abyss:2  | Noticed a thrashing horror
 17132 | Abyss:2  | Noticed a smoke demon
 17172 | Abyss:3  | Found a corrupted altar of Lugonu.
 17230 | Abyss:4  | Noticed a black draconian knight
 17246 | Abyss:5  | Entered Level 5 of the Abyss
 17266 | Abyss:5  | Noticed a shining eye
 17273 | Abyss:5  | Noticed a tentacled starspawn
 17279 | D:7      | Escaped the Abyss
 17530 | D:7      | Identified the +0 helmet of Jimet {rElec Dex+3 SInv}
 17617 | D:7      | Killed Maggie
 17618 | D:7      | Reached skill level 8 in Ice Magic
 17853 | D:7      | Found a sparkling altar of Nemelex Xobeh.
 18073 | D:6      | Found a hazy altar of Hepliaklqana.
 18073 | D:6      | Found a snail-covered altar of Cheibriados.
 18758 | D:8      | Found an iron altar of Okawaru.
 18950 | D:8      | Found Damoadgh's Magic Scroll Boutique.
 18962 | D:8      | Bought a scroll of identify for 22 gold pieces
 18962 | D:8      | Bought a scroll of magic mapping for 38 gold pieces
 18962 | D:8      | Bought a scroll of identify for 22 gold pieces
 18962 | D:8      | Bought a scroll of identify for 22 gold pieces
 18989 | D:8      | Found Liushoeg's Armour Shop.
 19443 | D:8      | Found Tymue's Armour Boutique.
 19472 | D:8      | Noticed Joseph
 19985 | D:7      | Killed Joseph
 20246 | D:8      | Found a staircase to the Lair.
 20315 | D:8      | Reached ** piety under Dithmenos
 21102 | D:8      | Found Plog's Antique Armour Emporium.
 21105 | D:8      | Bought a pair of boots for 139 gold pieces
 21177 | D:8      | Found Xamoz's Book Shop.
 21423 | D:8      | Mangled by a gnoll sergeant

Illustrated notes

Levels and vault maps discovered:
D:1:      elethiomel_arrival_shortcut, layout_rooms, minmay_misc_feat_cross,
          roderic_lattice_a, dk_noncrumbling_3, minmay_pentomino_u4
D:2:      layout_loops_cross, basic_altar, serial_shops, nicolae_shop_trees
D:3:      layout_basic, nicolae_figureground_sparkle
D:4:      layout_basic, nicolae_ossuary_entry_false_entrances,
          grunt_ministairs_8, lemuel_old_faithful
D:5:      layout_cave_pools, serial_gnoll_camp, gnoll_camp_mini_house,
          gnoll_camp_medium_02, gnoll_camp_mini_loothouse, gnoll_camp_mini_hut,
          gnoll_camp_mini_doghouse, gnoll_camp_mini_basic, uniq_ijyb
D:6:      layout_basic, fedhas_ov_isle_minmay, nicolae_overflow_hidden_temple,
          minmay_temple_entry_mini_moons, serial_shops, shop,
          minmay_diced_spiral, uniq_eustachio
D:7:      layout_basic, nemelex_spade_bored_becter, enter_bailey_5, uniq_maggie
D:8:      layout_cave_pods, okawaru_gym_becter, lair_entry_dummy, serial_shops,
          nicolae_shop_window_shopping, nicolae_shop_behind_doors, shop,
          nicolae_shop_stone, shop, hangedman_decor_growths, uniq_joseph
Temple:   minmay_freezing_vapour_temple

Skill      XL: |  1  2  3  4  5  6  7  8  9 10 |
---------------+-------------------------------+-----
Dodging        | 3 4 6 7 |  7.2
Fighting       | 1 2 3 4 5 |  5.6
Ice Magic      | 5 6 7 8 |  8.5
Short Blades   | 1 2 3 4 |  4.3
Stealth        | 3 4 5 |  5.5
Spellcasting   | 3 4 5 6 |  6.4
Conjurations   | 2 4 6 |  6.2
Shields        | 2 3 |  3.7

Action                   |  1- 3 |  4- 6 |  7- 9 | 10-12 || total
-------------------------+-------+-------+-------+-------++-------
Melee: Dagger            |     7 |   269 |   348 |    91 ||   715
       Punch             |       |     3 |       |       ||     3
       Tailslap          |       |       |     1 |       ||     1
       Short sword       |       |       |       |    26 ||    26
 Fire: Hunting sling     |       |    82 |    33 |       ||   115
Throw: Stone             |    30 |    75 |    41 |     3 ||   149
       Javelin           |       |    17 |    15 |       ||    32
       Dart              |       |       |   121 |    75 ||   196
 Cast: Freeze            |    44 |    28 |   239 |   120 ||   431
Evoke: Wand              |       |       |     6 |     5 ||    11
  Use: Scroll            |       |     3 |     6 |     5 ||    14
       Potion            |       |       |     2 |     4 ||     6
 Stab: Sleeping          |     2 |       |     2 |     1 ||     5
Armor: Ring mail         |     7 |   101 |    38 |       ||   146
       Robe              |     3 |       |       |       ||     3
       Scale mail        |       |       |   145 |    72 ||   217
Dodge: Dodged            |    31 |   209 |   384 |   210 ||   834
Block: Buckler           |       |       |    35 |    73 ||   108
